 Dungeon Crawl Stone Soup version 0.29-a0-284-gf9362112df (webtiles) character file.

Game seed: 12009604550357930262

14443 rabbitsville the Zephyrmancer (level 11, -4/74 HPs)
             Began as a Demigod Air Elementalist on Mar 27, 2022.
             Slain by a boulder beetle (52 damage)
             ... on level 2 of the Lair of Beasts on Mar 28, 2022.
             The game lasted 00:56:33 (12718 turns).

rabbitsville the Zephyrmancer (DgAE)               Turns: 12718, Time: 00:56:33

Health: -4/74      AC: 14    Str:  9    XL:     11   Next: 58%
Magic:  4/28       EV: 12    Int: 29    God:
Gold:   504        SH:  0    Dex: 14    Spells: 16/28 levels left

rFire   . . .      SeeInvis +   K - +2 short sword (venom)
rCold   + + +      Faith    .   F - orb {light}
rNeg    . . .      Spirit   .   c - +4 skin of Zhor {*Englaciate rC+++ SInv}
rPois   .          Reflect  .   R - +1 helmet
rElec   .          Harm     .   U - +2 cloak
rCorr   .          Rampage  .   M - +2 pair of gloves
Will    +....                   (no boots)
Stlth   +.........              t - amulet of magic regeneration
HPRegen 0.22/turn               s - ring of wizardry
MPRegen 0.61/turn               D - ring of wizardry

@: glowing
A: high MP 1, forlorn, divine attributes
a: no special abilities


You were on level 2 of the Lair of Beasts.
You visited 2 branches of the dungeon, and saw 12 of its levels.

You collected 624 gold pieces.
You spent 120 gold pieces at shops.

Inventory:

Hand Weapons
 e - a +0 dagger
 p - a +1 short sword of draining
 u - a +2 whip of draining
 K - a +2 short sword of venom (weapon)
Armour
 a - a +0 robe
 c - the +4 skin of Zhor (worn) {*Englaciate rC+++ SInv}
   (You found it on level 1 of the Lair of Beasts)

   It radiates cold, occasionally slowing all nearby creatures who are not
   resistant to cold.
   rC:        It renders you almost immune to cold.
   SInv:      It lets you see invisible.
 f - a +0 cloak
 A - a +0 hat
 F - an orb of light (worn)
 H - a +0 helmet
 I - the +13 chain mail of Decaying Awe {rC++ MP+9 Str-5 SInv}
   (You found it on level 8 of the Dungeon)

   Str:       It affects your strength (-5).
   rC:        It greatly protects you from cold.
   MP:        It affects your magic capacity (+9).
   SInv:      It lets you see invisible.
 M - a +2 pair of gloves (worn)
 N - a +2 robe of willpower
 R - a +1 helmet (worn)
 U - a +2 cloak (worn)
Jewellery
 s - a ring of wizardry (left hand)
 t - an amulet of magic regeneration (around neck)
 x - a ring of flight
 D - a ring of wizardry (right hand)
Wands
 z - a wand of acid (20)
 C - a wand of iceblast (7)
 J - a wand of flame (17)
 L - a wand of polymorph (9)
 O - a wand of paralysis (23)
Scrolls
 h - 11 scrolls of teleportation
 i - 3 scrolls of blinking
 j - 2 scrolls of vulnerability
 l - 2 scrolls of fear
 o - 2 scrolls of torment
 y - a scroll of noise
 E - a scroll of holy word
 P - a scroll of magic mapping {unknown}
 Q - a scroll of enchant weapon {unknown}
 S - a scroll of immolation {unknown}
Potions
 b - 3 potions of magic
 d - a potion of curing
 g - a potion of attraction
 k - 2 potions of might
 m - 3 potions of flight
 n - 2 potions of heal wounds
 q - a potion of berserk rage {unknown}
 r - a potion of invisibility {unknown}
 v - 7 potions of lignification
 w - 3 potions of degeneration
 B - a potion of mutation {unknown}
 G - a potion of brilliance
Miscellaneous
 T - a box of beasts


   Skills:
 - Level 1.7 Dodging
 - Level 1.7 Stealth
 + Level 9.2 Spellcasting
 - Level 5.6 Conjurations
 - Level 12.5 Air Magic
 * Level 6.4 Earth Magic


You had 16 spell levels left.
You knew the following spells:

 Your Spells              Type           Power      Damage    Failure   Level
a - Shock                 Conj/Air       100%       1d9       1%          1
b - Static Discharge      Conj/Air       60%        N/A       1%          2
c - Airstrike             Air            36%        N/A       1%          4
d - Lee's Rapid Deconstr  Erth           25%        3d15*     2%          5

Your spell library contained the following spells:

 Spells                   Type           Power      Damage    Failure   Level
 Magic Dart               Conj           100%       1d8       1%          1
 Searing Ray              Conj           92%        2d7       1%          2
 Sublimation of Blood     Necr           13%        N/A       1%          2
 Wereblood                Tmut           13%        N/A       1%          2
 Mephitic Cloud           Conj/Pois/Air  48%        N/A       1%          3
 Swiftness                Air            72%        N/A       1%          3
 Freezing Cloud           Conj/Ice/Air   24%        6-21      2%          5
 Ignite Poison            Fire/Tmut/Pois 13%        N/A       3%          3
 Inner Flame              Hex/Fire       13%        N/A       3%          3
 Tukima's Dance           Hex            13%        N/A       3%          3
 Fulminant Prism          Conj/Hex       14%        3d9       3%          4
 Leda's Liquefaction      Hex/Erth       16%        N/A       3%          4
 Anguish                  Hex/Necr       6%         N/A       11%         4
 Cause Fear               Hex            6%         N/A       11%         4
 Summon Forest            Summ/Tloc      6%         N/A       28%         5
 Statue Form              Tmut/Erth      21%        N/A       38%         6
 Eringya's Noxious Bog    Tmut/Pois      6%         N/A       80%         6
 Enfeeble                 Hex            6%         N/A       100%        7
 Summon Hydra             Summ           6%         N/A       100%        7
 Discord                  Hex            6%         N/A       100%        8


Dungeon Overview and Level Annotations

Branches:
Dungeon (10/15)            Temple (0/1) D:4            Lair (2/6) D:8
  Swamp (0/4) Lair:2        Snake (0/4) Lair:2          Orc (0/2) D:9

Shops:
D:3 [   D:6 !   D:7 *

Annotations:
D:8 exclusions: centaur and sky beast
D:10 Gastronok, Grum, Lodul


Innate Abilities, Weirdness & Mutations

You have an increased reservoir of magic. (+10% MP)
You shall have no god before yourself.
Your divine heritage dramatically boosts your attributes as you level up.


Message History

The boulder beetle bites you!!
Aiming: Airstrike (safe; 1% risk of failure)
Press: ? - help, Q - select action, (/) - cycle Dir - move target, f/p - boulder beetle
Aim: a boulder beetle (heavily wounded, haloed, empty space bonus: 7/8)
The air twists around and strikes the boulder beetle but does no damage.
The boulder beetle bites you.
Unknown command.
Aiming: Airstrike (safe; 1% risk of failure)
Press: ? - help, Q - select action, (/) - cycle Dir - move target, f/p - boulder beetle
Aim: a boulder beetle (heavily wounded, haloed, empty space bonus: 7/8)
The air twists around and strikes the boulder beetle!
The boulder beetle is severely wounded.
The boulder beetle barely misses you.
Aiming: Airstrike (safe; 1% risk of failure)
Press: ? - help, Q - select action, (/) - cycle Dir - move target, f/p - boulder beetle
Aim: a boulder beetle (severely wounded, haloed, empty space bonus: 7/8)
The air twists around and strikes the boulder beetle but does no damage.
You radiate an aura of cold.
The boulder beetle resists.
The boulder beetle bites you but does no damage.
Aiming: Airstrike (safe; 1% risk of failure)
Press: ? - help, Q - select action, (/) - cycle Dir - move target, f/p - boulder beetle
Aim: a boulder beetle (severely wounded, haloed, empty space bonus: 7/8)
The air twists around and strikes the boulder beetle but does no damage.
The boulder beetle leaps!
Aiming: Shock (safe; 1% risk of failure)
Press: ? - help, Q - select action, (/) - cycle Shift-Dir - straight line, f/p - boulder beetle
Aim: a boulder beetle (severely wounded, 100% to hit)
The zap hits the boulder beetle.
The boulder beetle is severely wounded.
Aiming: Shock (safe; 1% risk of failure)
Press: ? - help, Q - select action, (/) - cycle Shift-Dir - straight line, f/p - boulder beetle
Aim: a boulder beetle (severely wounded, 100% to hit)
The zap hits the boulder beetle.
The boulder beetle is severely wounded.
You radiate an aura of cold.
The boulder beetle resists.
The boulder beetle curls into a ball and begins rolling!
The boulder beetle attacks as you move away!
The boulder beetle hits you!!!
Ouch! That really hurt!
You die...

#.......## #......# .......
#........#######......+ #......
#........##.#.##......# P......
#.......##.....'..○...# .......
##.......#....###......#
#...... #........'.#.##
#°#.+.#..........
##........####
#°...######...>.. ######'###
##BP.#.# #...... #...# #@..####
######. ###..#### #..P##### #.
#.#.+##.######.P###P.### ###
##........P##..........######..
#.....§...##..........##.#.#<#
#.....§.......................
##......§.≈.§.............#..##
#......§.>.§#...........##...##
###..+.#§§§.............##..##


You could see a boulder beetle (rolling).

Vanquished Creatures
  A hydra (Lair:1)
  2 two-headed ogres
  A will-o-the-wisp (Lair:2)
  Maurice (D:8)
  A black mamba (Lair:1)
  2 centaur skeletons (D:7)
  4 cane toads (Lair:1)
  A torpor snail (Lair:1)
  4 rime drakes
  Maggie (D:9)
  A komodo dragon (Lair:2)
  A hornet (D:8)
  6 wyverns
  A wraith (D:9)
  17 yaks
  3 nagas (Lair:2)
  13 water moccasins
  3 orc warriors
  2 ice beasts
  2 ogres
  A black bear (D:5)
  2 wolves (D:10)
  A phantom (D:6)
  6 bullfrogs
  3 necrophages
  2 scorpions
  3 wights (D:9)
  5 howler monkeys
  4 hounds
  2 orc priests (D:3)
  Jessica (D:3)
  5 iguanas
  5 orc wizards
  5 adders
  5 shadow imps
  3 white imps
  A dart slug (D:3)
  21 orcs
  8 endoplasms
  3 giant cockroaches
  10 goblins
  9 hobgoblins
  2 jackals (D:3)
  4 quokkas
  7 ball pythons
  3 bats
  A frilled lizard (D:3)
  10 kobolds
  6 rats
  A spectral goblin (D:5)
206 creatures vanquished.

Vanquished Creatures (others)
  An orc (D:9)
  6 foxfires (Lair:2)
  5 fungi (Lair:1)
  5 plants
  13 withered plants (D:7)
30 creatures vanquished.

Grand Total: 236 creatures vanquished

Notes
Turn   | Place    | Note
-------+----------+-------------------------------------------
     0 | D:1      | rabbitsville the Demigod Air Elementalist began the quest
                  | for the Orb.
     0 | D:1      | Reached XP level 1. HP: 14/14 MP: 5/5
   157 | D:1      | Reached skill level 3 in Air Magic
   419 | D:1      | Reached XP level 2. HP: 20/20 MP: 1/7
  1348 | D:2      | Reached XP level 3. HP: 24/26 MP: 1/9
  1814 | D:3      | Noticed a scorpion
  1822 | D:3      | Killed a scorpion
  1823 | D:3      | Reached skill level 4 in Air Magic
  1823 | D:3      | Reached XP level 4. HP: 28/33 MP: 1/10
  2097 | D:3      | Reached skill level 1 in Conjurations
  2268 | D:3      | Learned a level 2 spell: Static Discharge
  2283 | D:3      | You fall into a shaft and drop 1 floor!
  2401 | D:3      | Reached XP level 5. HP: 38/38 MP: 10/12
  2587 | D:3      | Noticed Jessica
  2590 | D:3      | Killed Jessica
  2622 | D:3      | Found Boze's Armour Boutique.
  2691 | D:3      | Reached skill level 5 in Air Magic
  3621 | D:4      | Found a staircase to the Ecumenical Temple.
  3632 | D:4      | Noticed an ogre
  3722 | D:4      | Killed an ogre
  3723 | D:4      | Reached XP level 6. HP: 44/45 MP: 7/14
  4349 | D:5      | Entered Level 5 of the Dungeon
  4753 | D:5      | Reached skill level 6 in Air Magic
  4753 | D:5      | Reached XP level 7. HP: 50/50 MP: 7/15
  5234 | D:6      | Learned a level 4 spell: Airstrike
  5453 | D:6      | Found Vatuleh's Distillery.
  5466 | D:6      | Bought a potion of heal wounds for 50 gold pieces
  5466 | D:6      | Bought a potion of might for 40 gold pieces
  5466 | D:6      | Bought a potion of lignification for 30 gold pieces
  5658 | D:6      | Reached skill level 7 in Air Magic
  5790 | D:6      | Reached XP level 8. HP: 57/57 MP: 9/18
  6161 | D:7      | Found Cifiygua's Elemental Accessories.
  6219 | D:7      | Reached skill level 5 in Spellcasting
  6227 | D:7      | Reached skill level 8 in Air Magic
  6408 | D:7      | Noticed a two-headed ogre
  6421 | D:7      | Killed a two-headed ogre
  6422 | D:7      | Reached skill level 5 in Conjurations
  6422 | D:7      | Reached skill level 9 in Air Magic
  6422 | D:7      | Reached XP level 9. HP: 62/62 MP: 10/21
  6485 | D:7      | Noticed a hellwing
  6568 | D:8      | Identified the +13 chain mail of Decaying Awe {rC++ MP+9
                  | Str-5 SInv}
  6699 | D:8      | Reached skill level 10 in Air Magic
  7008 | D:8      | Found a staircase to the Lair.
  7180 | D:8      | Noticed Maurice
  7191 | D:8      | Killed Maurice
  7192 | D:8      | Reached XP level 10. HP: 69/69 MP: 3/24
  7343 | D:8      | Reached skill level 11 in Air Magic
  8949 | D:9      | Found a staircase to the Orcish Mines.
  8953 | D:9      | Reached skill level 12 in Air Magic
  8976 | D:9      | Noticed Maggie
  9002 | D:9      | Killed Maggie
  9503 | D:10     | Entered Level 10 of the Dungeon
  9595 | D:10     | Noticed Grum
  9595 | D:10     | Noticed Gastronok
  9719 | D:10     | Noticed Lodul
  9721 | D:10     | Noticed a two-headed ogre
  9726 | D:10     | Noticed a two-headed ogre
  9745 | D:9      | Noticed a two-headed ogre
  9749 | D:9      | Killed a two-headed ogre
 10046 | Lair:1   | Entered Level 1 of the Lair of Beasts
 10055 | Lair:1   | Reached skill level 1 in Earth Magic
 10057 | Lair:1   | Reached XP level 11. HP: 34/74 MP: 2/27
 10645 | Lair:1   | Noticed a four-headed hydra
 10688 | Lair:1   | Killed a four-headed hydra
 10873 | Lair:1   | Learned a level 5 spell: Lee's Rapid Deconstruction
 11787 | Lair:1   | Reached skill level 5 in Earth Magic
 12026 | Lair:1   | Found the +4 skin of Zhor {*Englaciate rC+++ SInv}
 12311 | Lair:2   | Found a staircase to the Swamp.
 12577 | Lair:2   | Found a staircase to the Snake Pit.
 12695 | Lair:2   | Noticed a boulder beetle
 12718 | Lair:2   | Slain by a boulder beetle

Illustrated notes

Levels and vault maps discovered:
D:1:      psy_arrival_whirlpool, layout_basic, shapermc_ecumenical_altar_petra
D:2:      layout_basic, chequers_serial_rivers_micro_e
D:3:      layout_basic, serial_shops, nicolae_lakefront_shop, st_stairs_10,
          hangedman_glass_teeth, uniq_jessica
D:4:      layout_basic, nicolae_dithmenos_through_a_glass_darkly,
          grunt_temple_overflow_octagram, minmay_temple_entry_slanted
D:5:      layout_loops_ring, nicolae_hepliaklqana_monster_ancestors
D:6:      layout_basic, serial_shops, nicolae_shop_hallway_plus
D:7:      cheibrodos_grave_circle, layout_basic, hex_tiny,
          nicolae_elemental_shop, hex_medium
D:8:      layout_loops_ring, marbit_many_paths, minmay_lair_entry_grove,
          uniq_maurice
D:9:      layout_big_octagon, orc_0_dummy, uniq_maggie
D:10:     layout_basic, gammafunk_temple_overflow_claw, uniq_grum,
          uniq_gastronok, uniq_lodul
Lair:1:   layout_cave_pods, hellmonk_guarded_unrand_zhor,
          infiniplex_staircase_pool, grunt_megastairs_5
Lair:2:   layout_roguey, minmay_swamp_entry_wisps, guppyfry_snake_entry_island,
          nicolae_quartered_pool_super, chequers_serial_rivers_micro_c,
          nzn_sisyphean_effort

Skill      XL: |  1  2  3  4  5  6  7  8  9 10 11 |
---------------+----------------------------------+-----
Air Magic      | 3 4 5 6 7 9 10 12 | 12.5
Spellcasting   | 2 3 4 5 6 8 9 |  9.2
Conjurations   | 1 2 3 5 |  5.6
Earth Magic    | 1 6 |  6.4
Dodging        | |  1.7
Stealth        | |  1.7

Action                   |  1- 3 |  4- 6 |  7- 9 | 10-12 || total
-------------------------+-------+-------+-------+-------++-------
Melee: Dagger            |    22 |       |       |       ||    22
       Short sword       |       |     1 |       |    16 ||    17
       Whip              |       |     4 |    23 |       ||    27
 Cast: Shock             |    84 |   111 |    16 |    14 ||   225
       Static Discharge  |       |    11 |    36 |    43 ||    90
       Airstrike         |       |       |    58 |   131 ||   189
  Use: Potion            |       |     2 |     4 |     4 ||    10
       Scroll            |       |       |       |     9 ||     9
Armor: Robe              |    17 |     5 |    10 |    43 ||    75
       Skin              |       |       |    23 |       ||    23
       Animal skin       |       |       |       |     3 ||     3
Dodge: Dodged            |    20 |     9 |    26 |    82 ||   137

Table legend: (Time is in decaauts)
 A = Elapsed time spent in this place.
 B = Non-inter-level travel time spent in this place.
 C = Inter-level travel time spent in this place.
 D = Time resting spent in this place.
 E = Time spent auto-exploring this place.
 F = Levels seen in this place.
 G = Mean time per level.
                   A        B        C        D        E       F      G
               +--------+--------+--------+--------+--------+-----+--------+
         Total |  12740 |  12509 |    231 |   3154 |   5667 |  12 | 1061.7 |
       Dungeon |  10130 |   9921 |    209 |   2197 |   5105 |  10 | 1013.0 |
          Lair |   2610 |   2588 |     22 |    957 |    562 |   2 | 1305.0 |
               +--------+--------+--------+--------+--------+-----+--------+

Top non-repeatable levels by time:
  Lair:1: 2171 daAuts
     D:8: 2064 daAuts
     D:3: 1579 daAuts
     D:9: 1371 daAuts
     D:1: 1119 daAuts
     D:6: 970 daAuts
     D:4: 957 daAuts
     D:5: 788 daAuts
     D:2: 692 daAuts
  Lair:2: 438 daAuts
     D:7: 393 daAuts
    D:10: 192 daAuts
